 Dungeon Crawl Stone Soup version 0.27-a0-1502-g47ed6a6988 (webtiles) character file.

Game seed: 5529180003923524254

1 bande the Shield-Bearer (level 1, 0/14 HPs)
             Began as a Gargoyle Fighter on July 9, 2021.
             Frozen to death by an endoplasm (4 damage)
             ... on level 1 of the Dungeon.
             The game lasted 00:00:13 (25 turns).

bande the Shield-Bearer (Gargoyle Fighter)            Turns: 25, Time: 00:00:13

Health: 0/14       AC:  9    Str: 19    XL:     1   Next: 20%
Magic:  1/1        EV:  7    Int:  8    God:
Gold:   0          SH:  9    Dex:  9    Spells: 0/0 levels left

rFire    . . .     SeeInvis .   a - +0 war axe
rCold    . . .     Faith    .   c - +0 kite shield
rNeg     + . .     Spirit   .   b - +0 scale mail
rPois    ∞         Reflect  .   (no helmet)
rElec    +         Harm     .   (no cloak)
rCorr    .         Rampage  .   (no gloves)
Will     .....                  (no boots)
Stlth    ..........             (no amulet)
HPRegen  0.04/turn              (no ring)
MPRegen  0.07/turn              (no ring)

@: no status effects
A: sickness immunity, AC +2, negative energy resistance 1, electricity
resistance, torment resistance 1, petrification resistance
a: no special abilities


You were on level 1 of the Dungeon.
You visited 1 branch of the dungeon, and saw 1 of its levels.

Inventory:

Hand Weapons
 a - a +0 war axe (weapon)
Armour
 b - a +0 scale mail (worn)
 c - a +0 kite shield (worn)
Potions
 d - a potion of might
 e - a potion of curing {unknown}
 f - a potion of resistance {unknown}


   Skills:
 + Level 3.3 Fighting
 + Level 1.7 Axes
 + Level 3.3 Armour
 + Level 3.3 Shields


You couldn't memorise any spells.
You didn't know any spells.
Your spell library was empty.

Dungeon Overview and Level Annotations

Branches:
Dungeon (1/15)

Altars:


Innate Abilities, Weirdness & Mutations

You are immune to sickness and miasma.
Your stone body is resilient. (AC +2)
You are immune to poison.
You resist negative energy. (rN+)
You are resistant to electric shocks. (rElec)
You are resistant to unholy torment.
You are immune to petrification.


Message History

You barely miss the kobold. You hit the endoplasm.
Your shield and scale mail prevent you from hitting the bat.
You block the bat's attack. The kobold hits you but does no damage.
The endoplasm barely misses you. The bat hits you but does no damage.
You block the kobold's attack.
The endoplasm hits you but does no damage.
You hit the endoplasm but do no damage.
The endoplasm is heavily wounded.
You closely miss the bat. You slash the kobold!
You kill the kobold!
You block the bat's attack.
The endoplasm hits you but does no damage.
You block the bat's attack.
The endoplasm hits you but does no damage.
You completely miss the endoplasm.
The endoplasm is heavily wounded.
The bat hits you but does no damage. The endoplasm freezes you.
You are frozen.
You block the bat's attack.
You are too injured to fight recklessly!
You are too injured to fight recklessly!
You are too injured to fight recklessly!
You are too injured to fight recklessly!
You are too injured to fight recklessly!
You are too injured to fight recklessly!
You are too injured to fight recklessly!
You hit the endoplasm but do no damage.
The endoplasm is heavily wounded.
You hit the bat. The bat hits you but does no damage.
You block the endoplasm's attack. You block the bat's attack.
The endoplasm freezes you.
You are frozen.
* * * LOW HITPOINT WARNING * * *
You hit the endoplasm.
The endoplasm is heavily wounded.
You barely miss the bat. You block the bat's attack.
The bat closely misses you. You block the endoplasm's attack.
The endoplasm freezes you.
You are frozen.
You die...

.#8.... ..##....
############.##...#
.........≈≈#.##...##
..........≈#.#8...8
...........#.##...#
...........#.##bJ.#
.[.≈≈≈.......##.@.##
..≈...≈......#8...8#
..≈.<.≈......##...##...
..≈...≈.....#........#
...≈≈≈......#..##......
...........#...#
#.....#
...........#..## ...(##
..........≈#..# .#..#
.........≈≈#... ###..


You could see an endoplasm and a bat.

Vanquished Creatures
  A kobold (D:1)
1 creature vanquished.

Notes
Turn   | Place    | Note
-------+----------+-------------------------------------------
     0 | D:1      | bande the Gargoyle Fighter began the quest for the Orb.
     0 | D:1      | Reached XP level 1. HP: 14/14 MP: 1/1
    25 | D:1      | Frozen to death by an endoplasm

Illustrated notes

Levels and vault maps discovered:
D:1:      enne_arrival_octagon_isle, layout_rooms, serial_corexii_hall,
          corexii_hall_statues_u, corexii_hall_statues_l, serial_shops,
          nicolae_diamond_shop, hex_medium

Action                   || total
-------------------------++-------
Melee: War axe           ||     9
Armor: Scale mail        ||    10
Dodge: Dodged            ||     9
Block: Kite shield       ||    13

Table legend: (Time is in decaauts)
 A = Elapsed time spent in this place.
 B = Non-inter-level travel time spent in this place.
 C = Inter-level travel time spent in this place.
 D = Time resting spent in this place.
 E = Time spent auto-exploring this place.
 F = Levels seen in this place.
 G = Mean time per level.
                   A        B        C        D        E       F      G
               +--------+--------+--------+--------+--------+-----+--------+
         Total |     30 |     30 |      0 |      0 |     12 |   1 |   30.0 |
       Dungeon |     30 |     30 |      0 |      0 |     12 |   1 |   30.0 |
               +--------+--------+--------+--------+--------+-----+--------+

Top non-repeatable levels by time:
     D:1: 30 daAuts
